 Dungeon Crawl Stone Soup version 0.27.1 (webtiles) character file.

Game seed: 440273064312590627

39 nxtlvl the Cutter (level 3, 0/22 HPs)
             Began as a Deep Elf Monk on Aug 30, 2021.
             Slain by a rat (3 damage)
             ... on level 2 of the Dungeon.
             The game lasted 00:02:05 (312 turns).

nxtlvl the Cutter (Deep Elf Monk)                    Turns: 312, Time: 00:02:05

Health: 0/22       AC:  3    Str:  8    XL:     3   Next: 28%
Magic:  5/5        EV: 13    Int: 15    God:
Gold:   42         SH:  0    Dex: 17    Spells: 2/2 levels left

rFire    + . .     SeeInvis .   a - +0 short sword
rCold    + . .     Faith    .   (no shield)
rNeg     . . .     Spirit   .   c - +1 robe {rC+ rF+}
rPois    .         Reflect  .   (no helmet)
rElec    .         Harm     .   (no cloak)
rCorr    .         Rampage  .   (no gloves)
Will     .....                  (no boots)
Stlth    ++........             (no amulet)
HPRegen  0.07/turn              (no ring)
MPRegen  0.09/turn              (no ring)

@: no status effects
A: no striking features
a: no special abilities


You were on level 2 of the Dungeon.
You visited 1 branch of the dungeon, and saw 2 of its levels.

You collected 42 gold pieces.

Inventory:

Hand Weapons
 a - a +0 short sword (weapon)
Missiles
 d - 29 arrows
 f - 25 sling bullets
Armour
 c - a +1 robe of resistance (worn)
Jewellery
 j - a ring of see invisible
Scrolls
 e - a scroll of enchant weapon {unknown}
 g - a scroll of brand weapon {unknown}
 h - a scroll of amnesia {unknown}
 i - 2 scrolls of identify {unknown}


   Skills:
 - Level 2.4 Fighting
 * Level 4.4 Short Blades
 - Level 3.6 Dodging
 - Level 2.4 Stealth


You had 2 spell levels left.
You didn't know any spells.
Your spell library was empty.

Dungeon Overview and Level Annotations

Branches:
Dungeon (2/15)

Altars:


Message History

The quokka bites you.
* * * LOW HITPOINT WARNING * * *
The quokka barely misses you.
You hit the quokka.
You kill the quokka!
You hit Jessica.
Jessica is heavily wounded.
Jessica gestures at you while chanting. Pain shoots through your body!
* * * LOW HITPOINT WARNING * * *
You hit Jessica.
Jessica is almost dead.
Jessica casts a spell at you.
You barely resist. You hit Jessica.
You kill Jessica!
Your Short Blades skill increases to level 4!
You have reached level 3!
Your experience leads to an increase in your attributes!
Increase (S)trength, (I)ntelligence, or (D)exterity?
You feel clever.
There is an open door, spattered with blood here.
Items here: )) [ †.
c - a +1 robe of resistance You start removing your armour.
You continue taking off your +0 robe. x4
You finish taking off your +0 robe.
You start putting on your armour.
You continue putting on your +1 robe of resistance. x5
You finish putting on your +1 robe of resistance.
You feel resistant to extremes of temperature.
Adjust (i)tems, (s)pells, or (a)bilities?
Okay, then.
Drop what? 10/52 slots (_ for help) (? for menu, Esc to quit)
You drop a +0 robe.
You aren't carrying any potions.
The rat twitches its whiskers.
You hit the rat but do no damage. The rat misses you.
You barely miss the rat. The rat barely misses you.
You closely miss the rat. The rat bites you.
You die...

######### ##.......##
#...@.....##
#.(.r#####..##
#...##...##..#
#...#.....#..#
#########...#.....[..#
#...........#.....#..#
#...........##...##..#
#............#####..##
#..........#.......#####


You could see a rat.

Vanquished Creatures
  Jessica (D:2)
  A dart slug (D:1)
  An endoplasm (D:2)
  2 goblins (D:2)
  A hobgoblin (D:1)
  A kobold (D:2)
  2 quokkas (D:2)
  A bat (D:1)
  A rat (D:2)
11 creatures vanquished.

Notes
Turn   | Place    | Note
-------+----------+-------------------------------------------
     0 | D:1      | nxtlvl the Deep Elf Monk began the quest for the Orb.
     0 | D:1      | Reached XP level 1. HP: 13/13 MP: 3/3
   236 | D:2      | Reached XP level 2. HP: 7/18 MP: 4/4
   277 | D:2      | Noticed Jessica
   286 | D:2      | Killed Jessica
   287 | D:2      | Reached skill level 4 in Short Blades
   287 | D:2      | Reached XP level 3. HP: 1/22 MP: 5/5
   312 | D:2      | Slain by a rat

Illustrated notes

Levels and vault maps discovered:
D:1:      matt_arrival_spirals, layout_rooms
D:2:      layout_rooms, basic_altar, kennysheep_jessica_study,
          uniq_crazy_yiuf_cottage

Skill      XL: |  1  2 |
---------------+-------+-----
Short Blades   | 4 |  4.4
Fighting       | |  2.4
Dodging        | |  3.6
Stealth        | |  2.4

Action                   || total
-------------------------++-------
Melee: Short sword       ||    44
  Use: Potion            ||     1
 Stab: Sleeping          ||     2
Armor: Robe              ||     4
Dodge: Dodged            ||    26
